 Dungeon Crawl Stone Soup version 0.18-a0-1267-gff090c1 (webtiles) character file.

1697 Duskembrace the Jinx (level 8, -11/31 HPs)
             Began as a Felid Enchanter on Feb 7, 2016.
             Was a Believer of Dithmenos.
             Mangled by Gastronok (26 damage)
             ... on level 9 of the Dungeon.
             The game lasted 00:37:35 (9240 turns).

Duskembrace the Jinx (Felid Enchanter)              Turns: 9240, Time: 00:37:36

Health: -11/31     AC:  2    Str:  4    XL:     8   Next: 72%
Magic:  6/12       EV: 20    Int: 19    God:    Dithmenos [**....]
Gold:   506        SH:  0    Dex: 17    Spells: 4 memorised, 2 levels left
                                        Lives:  0   Deaths: 2

rFire  x . .     SeeInvis +       - Unarmed
rCold  + . .     Gourm    .     (armour unavailable)
rNeg   . . .     Faith    .     (shield unavailable)
rPois  .         Spirit   .     (helmet unavailable)
rElec  .         Dismiss  .     (cloak unavailable)
rCorr  .         Reflect  .     (gloves unavailable)
SustAt .         Harm     .     (boots unavailable)
MR     +....                    t - amulet of magic regeneration
Stlth  +++++++...               s - ring of ice
                                E - ring of flight

@: wreathed by umbra, quick, somewhat resistant to hostile enchantments,
extremely stealthy
A: no armour, no weapons or thrown items, claws 1, fangs 3, see invisible,
carnivore 3, speed 1, shaggy fur 2, slow metabolism 1, sharp paws
a: Shadow Step, Renounce Religion, Evoke Flight


You were on level 9 of the Dungeon.
You worshipped Dithmenos.
Dithmenos was pleased with you.
You were not hungry.

You visited 1 branch of the dungeon, and saw 9 of its levels.

You collected 506 gold pieces.

Inventory:

Jewellery
 l - an uncursed ring of sustain attributes
 s - a ring of ice (right paw)
 t - an amulet of magic regeneration (around neck)
 E - a ring of flight (left paw)
Wands
 q - a wand of random effects (21/48)
 x - a wand of random effects (26/48)
 D - a wand of polymorph (5/24)
 F - a wand of slowing (21/48)
 G - a wand of flame (37/48)
Scrolls
 c - 3 scrolls of fear {unknown}
 e - 10 scrolls of identify {unknown}
 f - a scroll of blinking {unknown}
 g - 4 scrolls of remove curse {unknown}
 i - 2 scrolls of recharging {unknown}
 n - a scroll of teleportation {unknown}
 p - 4 scrolls of amnesia {unknown}
 u - 2 scrolls of enchant weapon {unknown}
 y - a scroll of magic mapping {unknown}
 B - a scroll of brand weapon {unknown}
 C - 2 scrolls of random uselessness {unknown}
Potions
 d - 3 potions of heal wounds {unknown}
 h - a potion of mutation {unknown}
 j - 4 potions of flight {unknown}
 k - 3 potions of resistance {unknown}
 m - 3 potions of brilliance {unknown}
 r - 7 potions of curing {unknown}
 v - a potion of ambrosia {unknown}
 w - 4 potions of agility {unknown}
 z - 2 potions of lignification {unknown}
 A - a potion of berserk rage {unknown}
Books
 a - a book of Maledictions

   Spells                             Type                      Level
   a - Corona                         Hexes                        1
   b - Ensorcelled Hibernation        Hexes/Ice                    2
   c - Confuse                        Hexes                        3
   d - Tukima's Dance                 Hexes                        3
   e - Dazzling Spray                 Conjuration/Hexes            3
Comestibles
 b - 4 meat rations
 o - 10 beef jerkies


   Skills:
 - Level 4.5 Dodging
 + Level 11.1 Stealth
 + Level 2.2 Unarmed Combat
 - Level 2.0 Spellcasting
 * Level 14.8 Hexes


You had 2 spell levels left.
You knew the following spells:

 Your Spells              Type           Power        Failure   Level  Hunger
a - Corona                Hex            ######.      1%          1    #......
b - Ensorcelled Hibernat  Hex/Ice        #####.       1%          2    ###....
c - Confuse               Hex            ######..     1%          3    ###....
d - Tukima's Dance        Hex            ######..     1%          3    ###....


Dungeon Overview and Level Annotations

Branches:
Dungeon (9/15)             Temple (0/1) D:7
   Lair: D:8-11         Orc: D:9-12

Altars:
Cheibriados
Dithmenos
Fedhas
Kikubaaqudgha
Nemelex Xobeh
Qazlal
Ru
Trog
Zin
The Shining One

Shops:
D:5 }

Annotations:
D:9 Gastronok


Innate Abilities, Weirdness & Mutations

You cannot wear armour.
You are incapable of wielding weapons or throwing items.
You have sharp claws.
You have razor-sharp teeth.
You have supernaturally acute eyesight.
You are carnivorous and can eat meat at any time.
You cover ground quickly.
You are covered in thick fur (AC +2).
You have a slow metabolism.
Your sharp claws are effective at attacking unaware monsters.


Message History

You pounce on the unaware helpless Gastronok!
You mangle Gastronok!! You bite Gastronok.
Gastronok is moderately wounded.
Gastronok bites you!
Ouch! That really hurt!
Casting: Confuse
Confirm with . or Enter, or press ? or * to list all spells.
Aiming: Confuse
Press: ? - help, Shift-Dir - straight line, f - Gastronok
Aim: Gastronok, wearing a glowing hat (moderately wounded, umbra, chance to defeat MR: 24%) Gastronok resists with almost no effort.
Casting: Confuse
Confirm with . or Enter, or press ? or * to list all spells.
Aiming: Confuse
Press: ? - help, Shift-Dir - straight line, f/p - Gastronok
Aim: Gastronok, wearing a glowing hat (moderately wounded, umbra, chance to defeat MR: 24%) Gastronok resists with almost no effort.
The adder misses you. Gastronok bites you!!
Ouch! That really hurt!
You die...

##.##.###
#.#################
##..#.#
#..................
###.#.#
###################.#
# #.#.# #...........
#.# # #.#.#
#........... #.#
###...#####
#..[........ #.#
..........#
#........... #.#
..........#
#....w...... #.#
..........#
#...@S......#######.#
..........#
#...........#........
.....>....#
##.#.#.#.####.#######
..........# #.#...# #
#.# ..........#
#.#.#.# #.#
..........####.#.#.#
#.#
....##.........#<# #
#.#
....##.###########
#.# ....##.# #.. #.#


You could see Gastronok and an adder.

Vanquished Creatures
  An ugly thing (D:9)
  2 ice beasts
  A phantom (D:8)
  An ogre (D:4)
  A wasp (D:7)
  A crocodile (D:7)
  A centaur (D:9)
  5 giant frogs
  2 scorpions
  A wight (D:6)
  6 crimson imps
  2 giant frog zombies
  3 centaur zombies
  4 hounds
  An orc priest (D:6)
  A centaur skeleton (D:7)
  2 jellies
  2 giant frog skeletons
  An iguana (D:7)
  4 worker ants
  A hound skeleton (D:4)
  A worker ant zombie (D:5)
  3 gnolls
  8 adders
  2 oozes
  6 worms
  5 giant geckos
  17 orcs
  A ball python (D:3)
  6 giant cockroaches
  10 goblins
  9 hobgoblins
  8 jackals
  5 kobolds
  4 quokkas
  8 bats
  A giant gecko skeleton (D:6)
  7 giant newts
  A jackal skeleton (D:6)
  A quokka skeleton (D:4)
  6 rats
  2 rat zombies (D:4)
154 creatures vanquished.

Vanquished Creatures (collateral kills)
  A two-headed ogre (D:8)
  3 orc warriors
  4 ogres
  3 wights (D:6)
  2 orc priests (D:7)
  3 orc wizards
  8 gnolls
  8 orcs
32 creatures vanquished.

Vanquished Creatures (others)
  An adder (D:8)
1 creature vanquished.

Grand Total: 187 creatures vanquished

Notes
Turn   | Place    | Note
--------------------------------------------------------------
     0 | D:1      | Duskembrace the Felid Enchanter began the quest for the Orb.
     0 | D:1      | Reached XP level 1. HP: 7/7 MP: 4/4
     9 | D:1      | Noticed a centaur
   422 | D:1      | Reached XP level 2. HP: 6/11 MP: 4/6
   428 | D:1      | Learned a level 2 spell: Ensorcelled Hibernation
   738 | D:1      | Reached skill level 5 in Hexes
  1106 | D:1      | Reached XP level 3. HP: 14/14 MP: 2/7
  1111 | D:1      | Learned a level 3 spell: Confuse
  1651 | D:2      | Reached skill level 5 in Stealth
  1845 | D:2      | Found a glowing silver altar of Zin.
  1914 | D:2      | Reached skill level 6 in Hexes
  2349 | D:3      | Reached XP level 4. HP: 18/18 MP: 8/8
  3453 | D:4      | Reached XP level 5. HP: 17/21 MP: 5/9
  3830 | D:4      | Noticed an ogre
  3834 | D:4      | Killed an ogre
  3834 | D:4      | Reached skill level 7 in Hexes
  3914 | D:4      | Gained mutation: You are covered in thick fur (AC +2). [Felid growth]
  3914 | D:4      | Reached XP level 6. HP: 18/24 MP: 8/10
  3987 | D:4      | Found an ancient bone altar of Kikubaaqudgha.
  4128 | D:3      | Learned a level 3 spell: Tukima's Dance
  4196 | D:5      | Entered Level 5 of the Dungeon
  4225 | D:5      | Slain by a crimson imp
  4225 | D:5      | Reached skill level 8 in Hexes
  4226 | D:5      | Reached XP level 5. HP: -1/21 MP: 9/9
  4429 | D:5      | Noticed an ice beast
  4473 | D:5      | Killed an ice beast
  4473 | D:5      | Reached XP level 6. HP: 24/24 MP: 10/10
  4618 | D:5      | Reached skill level 9 in Hexes
  4699 | D:5      | Found a snail-covered altar of Cheibriados.
  4922 | D:5      | Found Iriedir's Gadget Emporium.
  5019 | D:6      | Found a shadowy altar of Dithmenos.
  5022 | D:6      | Became a worshipper of Dithmenos the Shadowed
  5251 | D:6      | Reached XP level 7. HP: 27/27 MP: 8/11
  5306 | D:6      | Reached skill level 10 in Hexes
  6006 | D:6      | Found a bloodstained altar of Trog.
  6018 | D:6      | Reached skill level 11 in Hexes
  6236 | D:6      | Reached XP level 8. HP: 31/31 MP: 10/12
  6476 | D:7      | Reached skill level 12 in Hexes
  6543 | D:7      | Found a glowing golden altar of the Shining One.
  6601 | D:7      | Reached * piety under Dithmenos
  6692 | D:7      | Found a blossoming altar of Fedhas.
  7374 | D:7      | Reached skill level 10 in Stealth
  7374 | D:7      | Reached skill level 13 in Hexes
  7537 | D:7      | Found a sparkling altar of Nemelex Xobeh.
  7549 | D:7      | Found a staircase to the Ecumenical Temple.
  7718 | D:8      | Noticed a two-headed ogre
  7724 | D:8      | Killed a two-headed ogre
  7760 | D:8      | Reached XP level 9. HP: 25/34 MP: 3/13
  8193 | D:8      | Reached ** piety under Dithmenos
  8363 | D:8      | Found a stormy altar of Qazlal.
  8449 | D:8      | Reached skill level 14 in Hexes
  8524 | D:8      | Found a sacrificial altar of Ru.
  8774 | D:9      | Noticed a cyan ugly thing
  8802 | D:9      | Slain by a cyan ugly thing
  8803 | D:9      | Reached XP level 8. HP: -1/31 MP: 11/12
  9055 | D:9      | Killed a cyan ugly thing
  9234 | D:9      | Noticed Gastronok
  9240 | D:9      | Mangled by Gastronok

Vault maps used:
D:1:      evilmike_arrival_come_back
D:2:      zin_academy
D:3:      minmay_joined_circles
D:4:      lemuel_zombie_altar_kikubaaqudgha, minmay_ogre_servants
D:5:      cheibriados_altar_1, serial_shops, kennysheep_mini_moat, first_bread
D:6:      grunt_dithmenos_smoke_and_mirrors, basic_altar
D:7:      nicolae_tso_swordbearing_angel, nemelex_xobeh_ov_fountains_minmay,
          minmay_temple_entry_metal_lava, grunt_ogre_cave, fedhas_altar_3
D:8:      nicolae_overflow_crystal_walls, nicolae_qazlal_eye_of_the_storm,
          grunt_ministairs_2
D:9:      uniq_gastronok

Action                   |  1- 3 |  4- 6 |  7- 9 || total
-------------------------+-------+-------+-------++-------
Melee: Unarmed           |    70 |   188 |   204 ||   462
 Cast: Corona            |     8 |       |       ||     8
       Ensorcelled Hiber |    16 |    36 |    26 ||    78
       Confuse           |     4 |    25 |    41 ||    70
       Tukima's Dance    |       |     4 |    19 ||    23
 Stab: Sleeping          |    22 |    47 |    37 ||   106
       Confused          |     3 |    24 |    24 ||    51
       Distracted        |     1 |       |     1 ||     2
  Eat: Chunk             |    12 |    13 |    15 ||    40
